AoeStats
← Holiuken016

Black Forest

514054167Analyzed
4v4 RM · 3d ago on Oct 16, 2026· 22m 42s· 8 players
Game mode
Random Map
Map size
Large (8 player)
Population
200
Speed
Normal
Resources
Standard
Victory
Conquest
Starting age
Dark Age
Ending age
Imperial Age
RankedLock teamsTeams togetherTeam positionsShared explorationLock speedFull tech treeHidden civsTurbo modeCheats
Victory
Defeat
🇹🇼 Aztecs · Taiwan
975
+14
🇹🇼 Cumans · Taiwan
962
+15
🇹🇼 Ethiopians · Taiwan
923
+16
🇦🇷 Britons · Argentina
881
+18
vs
🇨🇳 Hindustanis · China
937
-16
🇺🇸 Huns · United States
933
-16
🇦🇷 Bohemians · Argentina
930
-16
🇹🇷 Celts · Türkiye
921
-15
ryioze
14:45 Feudal Age
16:32 Double-Bit Axe
16:29 Horse Collar
16:33 Fishing Lines
22:26 Castle Age
20:32 Stone Mining
Sensei
0:33 Loom
12:28 Feudal Age
17:56 Castle Age
marwenskio
0:43 Loom
13:00 Feudal Age
17:35 Castle Age
18:18 Man-at-Arms
llxhc
1:15 Loom
12:00 Feudal Age
16:34 Castle Age
15:17 Double-Bit Axe
19:08 Squires
minggawu
0:42 Loom
12:02 Feudal Age
12:35 Arson
12:50 Man-at-Arms
22:45 Wheelbarrow
TireTinTin
7:44 Loom
9:33 Feudal Age
10:13 Horse Collar
10:20 Double-Bit Axe
18:10 Castle Age
17:56 Gold Mining
18:00 Fishing Lines
18:59 Stone Mining
19:36 Bow Saw
19:29 Heavy Plow
19:12 Crossbowman
22:27 Fletching
22:38 Padded Archer Armor
Holiuken016
0:46 Loom
11:26 Feudal Age
16:14 Castle Age
14:55 Double-Bit Axe
15:16 Horse Collar
20:48 Eagle Warrior
ChenEn
0:42 Loom
12:04 Feudal Age
13:43 Double-Bit Axe
16:04 Castle Age
14:19 Horse Collar
16:57 Bow Saw
16:50 Heavy Plow
Connection lost

Rejoining the realm…

Still unreachable

The connection could not be restored.

Session expired

The server has moved on; the page needs a fresh start.